 Dungeon Crawl Stone Soup version 0.28-a0-653-g7e9dba17c3 (webtiles) character file.

Game seed: 12343415174154180074

158 ytrimaz the Covered (level 5, 0/47 HPs)
             Began as a Minotaur Fighter on Oct 12, 2021.
             Killed by divine providence
             ... invoked by an orc priest
              (11 damage)
             ... on level 3 of the Dungeon.
             The game lasted 00:02:51 (2377 turns).

ytrimaz the Covered (Minotaur Fighter)              Turns: 2377, Time: 00:02:52

Health: 0/47       AC:  7    Str: 21    XL:     5   Next: 16%
Magic:  4/4        EV:  9    Int:  5    God:
Gold:   96         SH:  4    Dex: 10    Spells: 4/4 levels left

rFire   . . .      SeeInvis .   a - +0 long sword
rCold   . . .      Faith    .   c - +0 buckler
rNeg    . . .      Spirit   .   b - +0 scale mail
rPois   .          Reflect  .   (helmet restricted)
rElec   .          Harm     .   (no cloak)
rCorr   .          Rampage  .   (no gloves)
Will    .....                   (no boots)
Stlth   ..........              (no amulet)
HPRegen 0.15/turn               (no ring)
MPRegen 0.09/turn               (no ring)

@: no status effects
A: horns 2, retaliatory headbutt
a: no special abilities


You were on level 3 of the Dungeon.
You visited 1 branch of the dungeon, and saw 3 of its levels.

You collected 96 gold pieces.

Inventory:

Hand Weapons
 a - a +0 long sword (weapon)
Armour
 b - a +0 scale mail (worn)
 c - a +0 buckler (worn)
Wands
 j - a wand of paralysis (7)
Scrolls
 l - a scroll of magic mapping
 m - a scroll of fear {unknown}
 n - a scroll of amnesia {unknown}
Potions
 d - a potion of might
 e - 2 potions of magic
 f - a potion of haste
 g - a potion of cancellation {unknown}
 h - a potion of lignification {unknown}
 i - a potion of mutation {unknown}
 k - a potion of resistance {unknown}


   Skills:
 + Level 4.3 Fighting
 + Level 4.5 Long Blades
 + Level 4.8 Armour
 + Level 4.4 Shields


You had 4 spell levels left.
You didn't know any spells.
Your spell library was empty.

Dungeon Overview and Level Annotations

Branches:
Dungeon (3/15)

Altars:


Innate Abilities, Weirdness & Mutations

You have a pair of horns on your head.
You reflexively headbutt those who attack you in melee.


Message History

You block the ball python's attack.
You barely miss the ball python. The ball python barely misses you. x2
The ball python misses you. The ball python barely misses you.
Unknown command.
You closely miss the ball python.
The ball python bites you but does no damage.
The ball python barely misses you.
Unknown command.
You completely miss the ball python. You block the ball python's attack.
The ball python grabs you. The ball python constricts you.
The ball python bites you but does no damage.
The ball python constricts you.
You hit the ball python.
You kill the ball python!
A kobold comes into view. It is wielding a +0 hand axe.
A kobold is nearby!
Unknown command.
The kobold throws a stone.
The stone barely misses you.
A kobold is nearby!
You start resting.
A kobold is nearby!
The kobold closely misses you. You furiously retaliate!
You headbutt the kobold.
Items here: ( )) ? †.
You barely miss the kobold. You headbutt the kobold.
You kill the kobold!
Things that are here:
a +0 hand axe; 4 stones; a kobold corpse
n - a scroll labelled SAANLI GUSAZ
Items here: ( )) †.
You start resting.
An orc priest comes into view. It is wielding a +0 dagger.
The orc priest shouts!
You hear a shout! x2
An orc comes into view. It is wielding a +0 dagger.
The orc priest invokes the aid of Beogh against you.
Beogh smites you!
* * * LOW HITPOINT WARNING * * *
The orc priest mumbles some strange prayers to Beogh against you.
Beogh smites you!
You die...

# #.# ########.
###.####........
##<......#######
###..#...##
#..#...#..###
.#...#...#..###
...#...#...#..###
.#...#...#...#..##
...#...#...#.†.#@#
.#...#.()#...#...#
...#...#)..#...#.#
.#...#...#.))#...#
...#...#...#...#.#
.#...#...#...#...#
..#...#.oo#...#..#
# ..#...#.o.#....#
.#...#...#...#..#


You could see an orc priest.

Vanquished Creatures
  Natasha (D:3)
  Ijyb (D:3)
  A gnoll (D:2)
  2 adders (D:3)
  2 worms (D:2)
  2 dart slugs
  7 ball pythons
  5 endoplasms
  3 giant cockroaches
  8 goblins
  7 hobgoblins
  9 jackals
  A quokka (D:1)
  3 bats
  3 frilled lizards
  7 kobolds
  6 rats
68 creatures vanquished.

Notes
Turn   | Place    | Note
-------+----------+-------------------------------------------
     0 | D:1      | ytrimaz the Minotaur Fighter began the quest for the Orb.
     0 | D:1      | Reached XP level 1. HP: 19/19 MP: 0/0
   259 | D:1      | Reached XP level 2. HP: 18/27 MP: 1/1
   651 | D:1      | Reached XP level 3. HP: 32/33 MP: 2/2
  1134 | D:2      | Found a faded altar of an unknown god.
  1786 | D:3      | Reached XP level 4. HP: 36/40 MP: 3/3
  2330 | D:3      | Noticed Ijyb
  2332 | D:3      | Noticed Natasha
  2340 | D:3      | Killed Ijyb
  2348 | D:3      | Killed Natasha
  2349 | D:3      | Reached XP level 5. HP: 19/47 MP: 4/4
  2377 | D:3      | Killed from afar by an orc priest

Illustrated notes

Levels and vault maps discovered:
D:1:      amcnicky_arrival_gap_in_the_tavern_cellar, layout_loops_corners,
          minmay_tromino_v4_c
D:2:      layout_basic, ebering_ecumenical_altar_sacrificial,
          cheibrodos_gnoll_hut
D:3:      minmay_evil_eye, layout_basic, hex_large, uniq_ijyb, uniq_jessica,
          uniq_natasha, uniq_crazy_yiuf_cottage

Skill      XL: |  1  2  3  4 |
---------------+-------------+-----
Shields        | 4 |  4.4
Armour         | 4 |  4.8
Fighting       | 4 |  4.3
Long Blades    | 3 4 |  4.5

Action                   |  1- 3 |  4- 6 || total
-------------------------+-------+-------++-------
Melee: Long sword        |   104 |    50 ||   154
       Headbutt          |    13 |     8 ||    21
  Use: Scroll            |     3 |       ||     3
Armor: Scale mail        |    39 |    29 ||    68
Dodge: Dodged            |    47 |    31 ||    78
Block: Buckler           |    20 |    14 ||    34

Table legend: (Time is in decaauts)
 A = Elapsed time spent in this place.
 B = Non-inter-level travel time spent in this place.
 C = Inter-level travel time spent in this place.
 D = Time resting spent in this place.
 E = Time spent auto-exploring this place.
 F = Levels seen in this place.
 G = Mean time per level.
                   A        B        C        D        E       F      G
               +--------+--------+--------+--------+--------+-----+--------+
         Total |   2414 |   2381 |     33 |      6 |   1895 |   3 |  804.7 |
       Dungeon |   2414 |   2381 |     33 |      6 |   1895 |   3 |  804.7 |
               +--------+--------+--------+--------+--------+-----+--------+

Top non-repeatable levels by time:
     D:1: 1043 daAuts
     D:2: 760 daAuts
     D:3: 610 daAuts
